AoeStats
← lalopm9

Arena

510430145Analyzed
4v4 RM · 1d ago on Oct 1, 2026· 50m 5s· 8 players
Game mode
Random Map
Map size
Large (8 player)
Population
200
Speed
Normal
Resources
Standard
Victory
Conquest
Starting age
Dark Age
Ending age
Imperial Age
RankedLock teamsTeams togetherTeam positionsShared explorationLock speedFull tech treeHidden civsTurbo modeCheats
Victory
Defeat
🇺🇸 Magyars · United States
879
+14
🇦🇷 Jurchens · Argentina
812
+17
🇧🇷 Gurjaras · Brazil
805
+17
🇨🇳 Saracens · China
798
+17
🇧🇷 Romans · Brazil
942
-22
🇨🇳 Franks · China
906
-19
🇲🇽 Teutons · Mexico
752
-13
🇲🇽 Spanish · Mexico
700
-11
ChewedGizmo
10:43 Feudal Age
14:38 Double-Bit Axe
15:04 Gold Mining
18:37 Castle Age
17:16 Fletching
17:28 Padded Archer Armor
19:17 Bodkin Arrow
19:38 Leather Archer Armor
25:01 Husbandry
25:11 Bloodlines
25:25 Ballistics
25:41 Thumb Ring
28:41 Wheelbarrow
32:51 Imperial Age
30:46 Hand Cart
32:03 Caravan
33:49 Bracer
34:20 Ring Archer Armor
35:28 Chemistry
36:18 Parthian Tactics
36:00 Recurve Bow
36:35 Heavy Cavalry Archer
38:26 Corvinian Army
41:51 Elite Magyar Huszar
42:46 Scale Barding Armor
45:04 Chain Barding Armor
terciarium
6:37 Loom
12:00 Feudal Age
17:49 Castle Age
16:03 Double-Bit Axe
16:02 Horse Collar
20:37 Bow Saw
23:23 Fervor
28:05 Imperial Age
27:54 Wheelbarrow
27:04 Loom
27:05 Town Watch
29:35 Scale Mail Armor
31:34 Kshatriyas
31:50 Conscription
32:59 Gold Mining
33:03 Stone Mining
33:28 Heavy Plow
34:06 Fletching
36:44 Hand Cart
37:07 Crop Rotation
38:31 Ballistics
39:12 Chemistry
38:45 Elite Chakram Thrower
40:50 Forging
45:13 Iron Casting
44:44 Scale Barding Armor
45:07 Light Cavalry
45:58 Bloodlines
49:41 Husbandry
50:02 Chain Mail Armor
50:08 Chain Barding Armor
49:44 Bodkin Arrow
49:50 Heated Shot
Ultra cogolloo
2:23 Loom
12:07 Feudal Age
13:24 Wheelbarrow
13:03 Horse Collar
14:58 Gold Mining
18:25 Castle Age
20:14 Hand Cart
20:11 Stone Mining
21:39 Padded Archer Armor
25:08 Double-Bit Axe
25:41 Heavy Plow
27:21 Treadmill Crane
31:44 Imperial Age
30:35 Leather Archer Armor
32:29 Ballistics
33:03 Conscription
33:42 Gold Shaft Mining
33:26 Gambesons
33:43 Squires
33:29 Arson
34:14 Fortified Wall
35:20 Forging
37:43 Fletching
39:02 Bodkin Arrow
38:46 Pikeman
40:05 Iron Casting
41:07 Chemistry
43:06 Town Watch
43:58 Elite Skirmisher
45:14 Bracer
47:17 Halberdier
HBNUVHTFGHYHUGY
10:39 Feudal Age
16:10 Castle Age
17:09 Double-Bit Axe
19:16 Horse Collar
21:02 Bow Saw
21:20 Heavy Plow
22:21 Wheelbarrow
25:49 Gold Mining
25:50 Stone Mining
29:48 Gold Shaft Mining
31:52 Imperial Age
30:16 Scale Barding Armor
30:22 Forging
30:55 Hand Cart
30:46 Loom
31:55 Elite Mameluke
32:57 Conscription
32:06 Onager
33:13 Husbandry
33:24 Bloodlines
34:49 Chain Barding Armor
35:04 Iron Casting
35:33 Iron Casting
38:49 Blast Furnace
38:26 Plate Barding Armor
41:00 Capped Ram
42:04 Light Cavalry
44:48 Siege Ram
ROMA
0:26 Loom
11:45 Feudal Age
12:10 Double-Bit Axe
12:15 Horse Collar
15:36 Wheelbarrow
20:48 Castle Age
23:42 Gold Mining
23:43 Stone Mining
26:04 Bow Saw
26:55 Heavy Plow
27:13 Squires
28:58 Hand Cart
34:04 Imperial Age
33:27 Ballistics
33:33 Bloodlines
33:44 Forging
33:35 Scale Mail Armor
33:41 Scale Barding Armor
35:01 Ironclad
35:10 Conscription
35:13 Crenellations
37:15 Chemistry
35:53 Cavalier
38:28 Iron Casting
38:08 Chain Mail Armor
43:54 Elite Teutonic Knight
44:37 Elite Skirmisher
47:37 Gambesons
47:13 Man-at-Arms
lalopm9
0:50 Loom
12:16 Feudal Age
13:00 Double-Bit Axe
13:43 Gold Mining
14:43 Wheelbarrow
15:05 Horse Collar
15:54 Stone Mining
22:39 Fletching
25:28 Scale Barding Armor
29:29 Castle Age
30:17 Bloodlines
30:31 Hand Cart
30:30 Bow Saw
30:23 Heavy Plow
30:52 Caravan
32:10 Chain Barding Armor
35:19 Stone Shaft Mining
37:34 Husbandry
36:55 Light Cavalry
40:44 Thumb Ring
41:08 Ballistics
40:53 Pikeman
45:40 Bodkin Arrow
[FNZ] F3RNZ
9:07 Loom
11:51 Feudal Age
16:58 Castle Age
18:24 Wheelbarrow
17:39 Double-Bit Axe
22:36 Bow Saw
25:10 Horse Collar
28:03 Heavy Plow
28:16 Forging
27:57 Fletching
30:54 Hand Cart
30:25 Town Watch
31:19 Iron Casting
30:40 Bodkin Arrow
30:47 Scale Mail Armor
30:49 Padded Archer Armor
32:47 Scale Barding Armor
32:45 Caravan
33:16 Coinage
32:41 Gold Mining
32:42 Stone Mining
34:29 Ballistas
34:44 Chain Mail Armor
35:12 Gold Shaft Mining
39:19 Imperial Age
36:51 Town Patrol
37:13 Chain Barding Armor
36:34 Man-at-Arms
37:15 Squires
37:16 Long Swordsman
39:11 Ballistics
39:02 Masonry
40:20 Conscription
39:23 Legionary
41:05 Blast Furnace
40:35 Fortified Wall
41:26 Chemistry
41:22 Comitatenses
43:10 Capped Ram
44:30 Heavy Scorpion
45:27 Elite Centurion
46:45 Plate Barding Armor
50:24 Crop Rotation
xiaozhao
11:32 Feudal Age
11:24 Loom
15:22 Double-Bit Axe
20:28 Castle Age
20:51 Arson
21:19 Scale Mail Armor
21:32 Bow Saw
21:57 Pikeman
29:36 Stone Mining
29:37 Gold Mining
30:53 Squires
30:39 Gambesons
35:46 Imperial Age
34:02 Husbandry
33:23 Light Cavalry
34:11 Scale Barding Armor
34:17 Forging
34:54 Gold Shaft Mining
35:33 Chain Barding Armor
34:46 Ordonnance Companies
35:01 Ordonnance Companies
38:21 Conscription
38:38 Hoardings
38:45 Hoardings
38:22 Cavalier
39:31 Masonry
39:32 Fortified Wall
39:18 Murder Holes
40:27 Chain Mail Armor
40:49 Iron Casting
41:31 Wheelbarrow
40:41 Town Watch
41:33 Man-at-Arms
43:12 Architecture
42:56 Siege Engineers
42:36 Halberdier
44:50 Hand Cart
45:33 Plate Barding Armor
45:58 Blast Furnace
Connection lost

Rejoining the realm…

Still unreachable

The connection could not be restored.

Session expired

The server has moved on; the page needs a fresh start.